 Dungeon Crawl Stone Soup version 0.28-a0-1616-g050a50673c (webtiles) character file.

Game seed: 9754599190964727128

86 murtidash the Distorting Ant (level 4, -1/35 HPs)
             Began as a Formicid Abyssal Knight on Jan 23, 2022.
             Was a Believer of Lugonu.
             Slain by a gnoll (5 damage)
             ... on level 2 of the Dungeon.
             The game lasted 00:02:04 (1611 turns).

murtidash the Distorting Ant (FoAK)                 Turns: 1611, Time: 00:02:04

Health: -1/35      AC:  5    Str: 19    XL:     4   Next: 78%
Magic:  6/7        EV: 10    Int: 10    God:    Lugonu [**....]
Gold:   49         SH:  0    Dex: 11    Spells: 3/3 levels left

rFire   + . .      SeeInvis +   k - +0 war axe
rCold   + . .      Faith    .   (no shield)
rNeg    . . .      Spirit   .   j - +0 ring mail
rPois   +          Reflect  .   (helmet unavailable)
rElec   +          Harm     .   (no cloak)
rCorr   +          Rampage  .   (no gloves)
Will    .....                   (no boots)
Stlth   +.........              (no amulet)
HPRegen 0.11/turn               (no ring)
MPRegen 0.10/turn               (no ring)

@: resistant
A: permanent stasis, dig shafts and tunnels, antennae 3, four strong arms
a: Dig, Shaft Self, Renounce Religion, Depart the Abyss, Bend Space


You were on level 2 of the Dungeon.
You worshipped Lugonu.
Lugonu was pleased with you.
You visited 1 branch of the dungeon, and saw 2 of its levels.
You visited the Abyss 1 time.

You collected 49 gold pieces.

Inventory:

Hand Weapons
 a - a +1 hand axe
 i - a +0 morningstar
   (You found it on level 1 of the Dungeon)
 k - a +0 war axe (weapon)
   (You found it on level 2 of the Dungeon)
Armour
 b - a +0 leather armour
 j - a +0 ring mail (worn)
   (You found it on level 1 of the Dungeon)
Scrolls
 e - 5 scrolls of identify {unknown}
 f - a scroll of blinking {unknown}
 g - a scroll of teleportation {unknown}
 l - a scroll of magic mapping {unknown}


   Skills:
 - Level 3.2 Fighting
 + Level 3.5 Axes
 - Level 2.1 Armour
 - Level 0.8 Dodging
 + Level 4.1 Invocations


You had 3 spell levels left.
You didn't know any spells.
Your spell library contained the following spells:

 Spells                   Type           Power      Damage    Failure   Level
 Static Discharge         Conj/Air       0%         N/A       67%         2
 Lightning Bolt           Conj/Air       0%         1d11      100%        5
 Maxwell's Capacitive Co  Air            0%         ∞         100%        8


Dungeon Overview and Level Annotations

Branches:
Dungeon (2/15)

Altars:
Fedhas


Innate Abilities, Weirdness & Mutations

You cannot be hasted, slowed, berserked, paralysed or teleported.
You can dig through walls and to a lower floor.
You have a pair of large antennae on your head. (SInv)
Your four strong arms can wield two-handed weapons with a shield.


Message History

No target in view!
No target in view!
No target in view!
No target in view!
No target in view!
No target in view!
A gnoll comes into view. It is wielding a +0 flail.
A gnoll is nearby!
A gnoll comes into view. It is wielding a +0 club.
The gnoll shouts!
You hear a shout!
A gnoll comes into view. It is wielding a +0 flail.
The gnoll shouts!
A gnoll comes into view. It is wielding a +0 flail.
You barely miss the gnoll. The gnoll barely misses you.
You barely miss the gnoll. The gnoll closely misses you.
You slash the gnoll! You completely miss the gnoll.
The gnoll hits you with a +0 flail. The gnoll hits you with a +0 club.
You take 6 damage, and have 24/35 hp.
You are too injured to fight recklessly!
You are too injured to fight recklessly!
You are too injured to fight recklessly!
You are too injured to fight recklessly!
You are too injured to fight recklessly!
You are too injured to fight recklessly!
You are too injured to fight recklessly!
You are too injured to fight recklessly!
You are too injured to fight recklessly!
You are too injured to fight recklessly!
You are too injured to fight recklessly!
You are too injured to fight recklessly!
The gnoll closely misses you. The gnoll hits you with a +0 club.
You take 4 damage, and have 21/35 hp.
You see here 24 sling bullets.
You barely miss the gnoll. The gnoll hits you but does no damage.
You hit the gnoll. The gnoll hits you with a +0 club.
You take 3 damage, and have 18/35 hp.
You hit the gnoll.
You kill the gnoll!
Lugonu accepts your kill. The adder bites you.
You take 2 damage, and have 16/35 hp.
You hit the adder. The adder barely misses you.
You closely miss the adder. The adder completely misses you.
The adder bites you.
You are poisoned.
The adder poisons you!
You take 2 damage, and have 14/35 hp.
You hit the adder.
You feel sick. The adder bites you but does no damage.
The adder closely misses you.
You take 2 damage, and have 12/35 hp.
You hit the adder.
You feel sick. The adder barely misses you.
You take 1 damage, and have 11/35 hp.
It was a potion of curing.
You feel better. The adder barely misses you. The adder closely misses you.
You regained 11 hp, and now have 22/35 hp.
You barely miss the adder. The adder barely misses you.
You closely miss the adder. The adder bites you but does no damage.
The adder barely misses you.
You closely miss the adder. The adder bites you but does no damage.
The adder closely misses you.
You closely miss the adder. The adder barely misses you.
The adder closely misses you.
You hit the adder. The adder closely misses you.
You closely miss the adder. The adder barely misses you. x2
You closely miss the adder. The adder bites you.
You are poisoned.
The adder poisons you! The adder closely misses you.
You take 3 damage, and have 20/35 hp.
You slash the adder!
You kill the adder!
Lugonu accepts your kill.
You feel sick.
Your Invocations skill increases to level 4!
You take 1 damage, and have 19/35 hp.
You hit the gnoll.
You feel sick. The gnoll barely misses you. The gnoll hits you with a +0 flail!
* * * LOW HITPOINT WARNING * * *
You take 11 damage, and have 8/35 hp.
MASSIVE DAMAGE!!
You slash the gnoll!
You kill the gnoll!
Lugonu accepts your kill.
You feel sick. The gnoll barely misses you.
You take 2 damage, and have 6/35 hp.
You closely miss the gnoll.
You feel sick.
You are no longer poisoned.
The gnoll hits you but does no damage.
You take 1 damage, and have 5/35 hp.
You hit the gnoll but do no damage. The gnoll closely misses you.
It was a potion of berserk rage.
Your stasis prevents you from going berserk.
The gnoll misses you.
It was a potion of resistance.
You feel protected. The gnoll hits you with a +0 club.
* * * LOW HITPOINT WARNING * * *
You take 2 damage, and have 3/35 hp.
You slash the gnoll! The gnoll barely misses you. x2
You hit the gnoll but do no damage. The gnoll hits you with a +0 club.
You die...

...............#
[.............^#
#####.........).....#####
.........######†.........
......... #..........
........ #..........
.†...... #.g........
........ ######g##......
........ #...##@#....###
######## #...##......+
###########...........#
......................#
#.....................#
#.................#####
##'###########....#
##..##########....##
†..................+


You could see 2 gnolls.

Vanquished Creatures
  2 gnolls (D:2)
  An adder (D:2)
  2 worms (D:2)
  2 dart slugs (D:1)
  2 ball pythons (D:1)
  2 endoplasms (D:1)
  2 giant cockroaches
  8 goblins (D:1)
  3 hobgoblins
  4 kobolds
  5 quokkas
  7 bats
  5 rats
45 creatures vanquished.

Notes
Turn   | Place    | Note
-------+----------+-------------------------------------------
     0 | Abyss:1  | murtidash the Formicid Abyssal Knight began the quest for
                  | the Orb.
     0 | Abyss:1  | Reached XP level 1. HP: 18/18 MP: 2/2
    10 | D:1      | Escaped the Abyss
   190 | D:1      | Reached XP level 2. HP: 20/24 MP: 3/3
   479 | D:1      | Reached skill level 3 in Invocations
   512 | D:1      | Reached XP level 3. HP: 25/29 MP: 5/5
   876 | D:1      | Reached ** piety under Lugonu
  1298 | D:1      | Reached skill level 3 in Axes
  1496 | D:2      | Reached XP level 4. HP: 35/35 MP: 6/6
  1561 | D:2      | Found a blossoming altar of Fedhas.
  1604 | D:2      | Reached skill level 4 in Invocations
  1605 | D:2      | HP: 6/35 [poisoned by an adder]
  1611 | D:2      | Slain by a gnoll

Illustrated notes

Levels and vault maps discovered:
D:1:      dpeg_arrival_orchard, layout_basic
D:2:      layout_basic, hellmonk_ecumenical_altar_inner_sanctum, basic_altar

Skill      XL: |  1  2  3  4 |
---------------+-------------+-----
Invocations    | 3 4 |  4.1
Axes           | 3 |  3.5
Fighting       | |  3.2
Armour         | |  2.1
Dodging        | |  0.8

Action                   |  1- 3 |  4- 6 || total
-------------------------+-------+-------++-------
Melee: Hand axe          |    26 |       ||    26
       Morningstar       |    65 |       ||    65
       War axe           |       |    36 ||    36
       Punch             |       |     1 ||     1
  Use: Potion            |       |     3 ||     3
 Stab: Sleeping          |     1 |       ||     1
Armor: Leather armour    |    16 |       ||    16
       Ring mail         |    28 |     9 ||    37
Dodge: Dodged            |    66 |    28 ||    94

Table legend: (Time is in decaauts)
 A = Elapsed time spent in this place.
 B = Non-inter-level travel time spent in this place.
 C = Inter-level travel time spent in this place.
 D = Time resting spent in this place.
 E = Time spent auto-exploring this place.
 F = Levels seen in this place.
 G = Mean time per level.
                   A        B        C        D        E       F      G
               +--------+--------+--------+--------+--------+-----+--------+
         Total |   1653 |   1591 |     62 |      0 |   1241 |   3 |  551.0 |
       Dungeon |   1643 |   1581 |     62 |      0 |   1237 |   2 |  821.5 |
         Abyss |     10 |     10 |      0 |      0 |      4 |   1 |   10.0 |
               +--------+--------+--------+--------+--------+-----+--------+

Top non-repeatable levels by time:
     D:1: 1447 daAuts
     D:2: 196 daAuts
 Abyss:1: 10 daAuts

Table legend:
 A = Kills in this place as a percentage of kills in entire the game.
 B = Kills by you in this place as a percentage of kills by you in the entire game.
 C = Kills by friends in this place as a percentage of kills by friends in the entire game.
 D = Other kills in this place as a percentage of other kills in the entire game.
 E = Experience gained in this place as a percentage of experience gained in the entire game.
 F = Experience gained in this place divided by the number of levels of this place that you have seen.
                   A       B       C       D       E      F
               +-------+-------+-------+-------+-------+----------------------
         Total | 100.0 | 100.0 |   N/A |   N/A | 100.0 |  41.3
       Dungeon | 100.0 | 100.0 |   N/A |   N/A | 100.0 |  62.0
               +-------+-------+-------+-------+-------+----------------------
